 Dungeon Crawl Stone Soup version 0.19.0-22-gd96e5fe (webtiles) character file.

3581 Kenran the Basher (level 10, 0/64 HPs)
             Began as a Gargoyle Chaos Knight on Nov 18, 2016.
             Killed by divine providence
             ... invoked by an orc priest
              (16 damage)
             ... on level 8 of the Dungeon.
             The game lasted 00:15:00 (7598 turns).

Kenran the Basher (Gargoyle Chaos Knight)           Turns: 7598, Time: 00:15:02

Health: 0/64       AC: 19    Str: 18    XL:     10   Next: 10%
Magic:  9/9        EV:  8    Int: 11    God:    Xom [..*...]
Gold:   410        SH:  6    Dex: 16    Spells: 0 memorised, 9 levels left

rFire  . . .     SeeInvis .     n - +1 whip (freeze)
rCold  . . .     Gourm    .     o - +0 chain mail
rNeg   + . .     Faith    .     (no shield)
rPois  ∞         Spirit   .     r - +1 hat
rElec  +         Reflect  .     m - +0 cloak
rCorr  .         Harm     .     (no gloves)
MR     .....                    (no boots)
Stlth  ..........               (no amulet)
                                (no ring)
                                j - +4 ring of dexterity

@: no status effects
A: large bone plates 2, agile 1, dopey 1, low mp 1, negative energy resistance
1, electricity resistance, unbreathing, petrification resistance, rot immunity,
AC +7
a: Renounce Religion


You were on level 8 of the Dungeon.
You worshipped Xom.
You were a toy of Xom.
You were hungry.

You visited 1 branch of the dungeon, and saw 8 of its levels.
You also visited: Sewer.

You collected 410 gold pieces.

Inventory:

Hand Weapons
 n - a +1 whip of freezing (weapon)
 u - a +0 whip of flaming
Armour
 m - a +0 cloak (worn)
 o - a +0 chain mail (worn)
 r - a +1 hat (worn)
Jewellery
 j - a +4 ring of dexterity (left hand)
Wands
 y - a wand of paralysis (16/24)
Scrolls
 a - a scroll of recharging
 i - 3 scrolls of magic mapping
 p - 2 scrolls of remove curse {@r2}
 s - a scroll of noise {!r}
 v - 4 scrolls of teleportation {@r4}
 w - a scroll of identify {@r1}
 z - 2 scrolls of enchant weapon
Potions
 b - 3 potions of curing {@q1}
 d - a potion of brilliance {unknown}
 e - 2 potions of might {@q4}
 k - 2 potions of cure mutation {unknown}
 l - 2 potions of magic
 q - a potion of flight {unknown}
 t - a potion of heal wounds {unknown}
 x - a potion of lignification {unknown}
 A - a potion of beneficial mutation {unknown}
Comestibles
 c - 6 bread rations {@e1}
 f - 9 chunks of flesh
 g - a beef jerky {@e2}
 h - 6 fruits {@e3}


   Skills:
 - Level 8.2 Fighting
 + Level 11.1 Maces & Flails
 - Level 7.0 Armour
 - Level 0.7 Dodging


You had 9 spell levels left.
You didn't know any spells.

Dungeon Overview and Level Annotations

Branches:
Dungeon (8/15)             Temple (0/1) D:5            Lair (0/6) D:8

Altars:
Kikubaaqudgha
Xom


Innate Abilities, Weirdness & Mutations

You are resistant to torment.
Your stone body is resilient. (AC +7)
You are immune to poison.
You resist negative energy. (rN+)
You are resistant to electric shocks. (rElec)
You can survive without breathing.
You are immune to petrification.
You are immune to rotting.
You are mostly covered in large bone plates. (SH +6)
You are agile. (Dex +2)
You are dopey. (Int -2)
Your magical capacity is low. (-10% MP)


Message History

The iguana closely misses you.
Things that are here:
a war axe; a dagger; a crocodile corpse You hit the iguana.
You freeze the iguana.
The iguana is moderately wounded.
The iguana bites you.
The orc priest calls down the wrath of Beogh upon you.
Beogh smites you!
* * * LOW HITPOINT WARNING * * *
You are too injured to fight recklessly!
Your ufetubus hits the elephant but does no damage. x2
There is a stone staircase leading up here. "Hum-dee-hum-dee-hum..."
The iguana suddenly stops moving!
Your ufetubus hits the elephant.
Your ufetubus hits the elephant but does no damage. x2
Your ufetubus hits the elephant.
The orc priest calls down the wrath of Beogh upon you.
Beogh smites you!
You die...
Xom guffaws!

#)# .).# #)###
.... #...# P....
###.# .....## #.#
...P... #.#
.......## #.#
.h....5o########.#
......hlY5@......#
∆
......oo##########
P..P.#.## .... ##
... .. #


You could see an elephant, a black bear, an iguana (paralysed), an orc priest, a
crimson imp, 2 orcs and a friendly ufetubus.

Vanquished Creatures
  Pikel (D:5)
  Grinder (D:5)
  Eustachio (D:6)
  A hungry ghost (D:8)
  A spatial vortex (D:8)
  2 water moccasins
  An orc warrior (D:6)
  An ice beast (D:5)
  3 sky beasts
  A wolf (D:5)
  3 centaurs
  A crocodile (D:8)
  4 big kobolds (Sewer)
  A bullfrog (D:6)
  A wyvern zombie (D:7)
  A scorpion (D:4)
  4 wights
  3 howler monkeys
  2 crimson imps (D:6)
  5 orc wizards
  An orc priest (D:7)
  3 centaur skeletons (D:4)
  3 hounds
  Jessica (D:3)
  2 iguanas
  4 worker ants
  3 gnolls (D:6)
  2 river rats (Sewer)
  15 adders
  A shadow imp (D:7)
  4 oozes (Sewer)
  2 adder skeletons
  An adder zombie (D:7)
  5 worms
  2 dart slugs
  4 leopard geckos
  23 orcs
  8 ball pythons
  11 giant cockroaches
  6 goblins
  7 hobgoblins
  15 jackals
  14 kobolds
  3 quokkas
  7 bats
  3 frilled lizards
  A jackal skeleton (D:7)
  A leopard gecko skeleton (D:4)
  A quokka skeleton (D:4)
  A rat (shapeshifter) (D:1)
  13 rats
205 creatures vanquished.

Vanquished Creatures (collateral kills)
  A wight (D:6)
1 creature vanquished.

Vanquished Creatures (others)
  Duvessa (D:4)
  A slave (D:5)
  Dowan (D:4)
  An orc wizard (D:6)
  A river rat (D:5)
  An orc (D:5)
6 creatures vanquished.

Grand Total: 212 creatures vanquished

Notes
Turn   | Place    | Note
-------+----------+-------------------------------------------
     0 | D:1      | Kenran the Gargoyle Chaos Knight began the quest for the Orb.
     0 | D:1      | Reached XP level 1. HP: 14/14 MP: 1/1
   199 | D:1      | Reached XP level 2. HP: 16/19 MP: 2/2
   587 | D:1      | Reached skill level 4 in Maces & Flails
   604 | D:1      | XOM: divination: detect items
   654 | D:1      | Reached XP level 3. HP: 23/23 MP: 3/3
  1088 | D:2      | XOM: harmless Erth miscast
  1240 | D:2      | XOM: summons 4 hostile shadow creatures
  1582 | D:2      | Reached XP level 4. HP: 28/28 MP: 4/4
  1809 | D:3      | Noticed Jessica
  1812 | D:3      | Killed Jessica
  1812 | D:3      | Reached skill level 5 in Maces & Flails
  1943 | D:3      | Reached XP level 5. HP: 32/32 MP: 5/5
  2064 | D:3      | Noticed a centaur
  2081 | D:3      | Killed a centaur
  2081 | D:3      | Reached skill level 6 in Maces & Flails
  2337 | D:4      | Reached XP level 6. HP: 37/37 MP: 6/6
  2356 | D:4      | XOM: scenery: 1 doors close
  2440 | D:4      | XOM: potion effect (haste)
  2449 | D:4      | XOM: scenery: create altars
  2450 | D:4      | Reached skill level 7 in Maces & Flails
  2518 | D:4      | XOM: scenery: 1 doors open
  2523 | D:4      | XOM: scenery: 1 doors close
  2763 | D:4      | Noticed Duvessa
  2763 | D:4      | Noticed Dowan
  2764 | D:4      | Killed Duvessa
  2764 | D:4      | Killed Dowan
  2764 | D:4      | XOM: divine lightning (protected)
  2817 | D:4      | Reached XP level 7. HP: 38/41 MP: 7/7
  2890 | D:4      | XOM: cloud trail
  2910 | D:4      | XOM: give mutations
  2910 | D:4      | Gained mutation: You are partially covered in large bone plates. (SH +4) [Xom's grace]
  2910 | D:4      | Gained mutation: You are mostly covered in large bone plates. (SH +6) [Xom's grace]
  2910 | D:4      | Gained mutation: You are agile. (Dex +2) [Xom's grace]
  2949 | D:4      | XOM: summons 3 hostile shadow creatures
  3124 | D:5      | Entered Level 5 of the Dungeon
  3163 | D:5      | Reached skill level 8 in Maces & Flails
  3318 | D:5      | XOM: harmless Summ miscast
  3388 | D:5      | XOM: harmless Ice miscast
  3432 | D:5      | Reached skill level 9 in Maces & Flails
  3501 | D:5      | Reached XP level 8. HP: 31/46 MP: 8/8
  3608 | D:5      | Found a staircase to the Ecumenical Temple.
  3630 | D:5      | Noticed Pikel
  3633 | D:5      | XOM: fog
  3649 | D:5      | XOM: divination: detect creatures
  3650 | D:5      | XOM: confuse monster(s)
  3654 | D:5      | Killed Pikel
  3654 | D:5      | Reached skill level 10 in Maces & Flails
  3712 | D:5      | Found a glowing drain.
  3726 | Sewer    | Entered a sewer
  3754 | Sewer    | XOM: mild Ice miscast
  3829 | Sewer    | XOM: cloud trail
  4024 | Sewer    | XOM: cloud trail
  4067 | Sewer    | XOM: enchant monster (good)
  4134 | Sewer    | XOM: give mutations
  4134 | Sewer    | Gained mutation: Your magical capacity is low. (-10% MP) [Xom's mischief]
  4134 | Sewer    | Gained mutation: You are dopey. (Int -2) [Xom's mischief]
  4154 | Sewer    | XOM: harmless Hex miscast
  4156 | Sewer    | XOM: confusion (+ monsters)
  4167 | Sewer    | Reached skill level 11 in Maces & Flails
  4221 | Sewer    | XOM: medium Tloc miscast
  4264 | Sewer    | XOM: confuse monster(s)
  4288 | Sewer    | XOM: god gift: runed triple crossbow {god gift}
  4339 | Sewer    | XOM: confuse monster(s)
  4343 | Sewer    | XOM: enchant monster (good)
  4364 | Sewer    | Reached XP level 9. HP: 49/52 MP: 8/8
  4388 | Sewer    | XOM: mild Pois miscast
  4495 | D:5      | XOM: divination: detect items
  4533 | D:5      | Reached skill level 5 in Fighting
  4659 | D:5      | Noticed Grinder
  4662 | D:5      | Paralysed by Grinder for 6 turns
  4669 | D:5      | XOM: summons 2 friendly demons
  4681 | D:5      | Killed Grinder
  4836 | D:5      | XOM: noise
  4977 | D:6      | XOM: confuse monster(s)
  5092 | D:6      | Reached skill level 5 in Armour
  5187 | D:6      | Noticed Eustachio
  5194 | D:6      | XOM: harmless Divn miscast
  5215 | D:6      | Killed Eustachio
  5237 | D:6      | XOM: silly message
  5385 | D:6      | XOM: mild Air miscast
  5386 | D:6      | XOM: chaos upgrade
  5400 | D:6      | XOM: noise
  5528 | D:6      | Found an ancient bone altar of Kikubaaqudgha.
  5773 | D:6      | XOM: harmless Ice miscast
  5881 | D:7      | XOM: divination: magic mapping
  6039 | D:6      | XOM: enchant monster (bad)
  6043 | D:6      | XOM: summons 4 friendly demons
  6234 | D:7      | XOM: god gift: broad axe {god gift}
  6318 | D:7      | XOM: divination: detect creatures
  6383 | D:7      | XOM: confuse monster(s)
  6737 | D:7      | XOM: divine lightning (protected)
  6749 | D:7      | XOM: 3-stop teleportation journey
  6761 | D:7      | XOM: mild Divn miscast
  7018 | D:7      | XOM: mild Pois miscast
  7258 | D:7      | XOM: mild Pois miscast
  7334 | D:8      | XOM: summons friendly white imp
  7370 | D:8      | Reached XP level 10. HP: 64/64 MP: 9/9
  7403 | D:8      | XOM: summons friendly shadow imp
  7553 | D:8      | Found a staircase to the Lair.
  7553 | D:8      | Noticed an elephant
  7555 | D:8      | XOM: divination: detect items
  7575 | D:8      | XOM: mild Summ miscast
  7583 | D:8      | XOM: summons friendly ufetubus
  7598 | D:8      | XOM: enchant monster (good)
  7598 | D:8      | Killed from afar by an orc priest

Skill      XL: |  1  2  3  4  5  6  7  8  9 10 |
---------------+-------------------------------+-----
Maces & Flails | 4 5 6 7 9 11 | 11.1
Fighting       | 4 8 |  8.2
Armour         | 6 7 |  7.0
Dodging        | |  0.7

Action                   |  1- 3 |  4- 6 |  7- 9 | 10-12 || total
-------------------------+-------+-------+-------+-------++-------
Melee: Mace              |   147 |   136 |   186 |       ||   469
       Whip              |       |       |   567 |    86 ||   653
  Use: Scroll            |     3 |     1 |     8 |       ||    12
       Potion            |       |       |     1 |       ||     1
 Stab: Paralysed         |     3 |       |     6 |       ||     9
       Petrified         |     1 |       |    20 |       ||    21
       Petrifying        |       |     1 |     2 |       ||     3
       Confused          |       |     1 |    13 |       ||    14
       Distracted        |       |       |     1 |       ||     1
  Eat: Chunk             |     2 |     4 |    12 |       ||    18
       Fruit             |       |     1 |     1 |     1 ||     3
       Royal jelly       |       |       |     1 |       ||     1
       Beef jerky        |       |       |     1 |     1 ||     2
       Meat ration       |       |       |       |     1 ||     1
Armor: Leather armour    |    16 |       |       |       ||    16
       Scale mail        |    63 |    28 |       |       ||    91
       Chain mail        |       |    47 |   287 |    23 ||   357
Dodge: Dodged            |    87 |    54 |   128 |    11 ||   280
Block: Other             |       |       |   130 |    15 ||   145
